 Dungeon Crawl Stone Soup version 0.30-a0-4-ga7cffc901d (webtiles) character file.

Game seed: 16160213290995589413

11 Setbun the Sneak (level 2, 0/16 HPs)
             Began as a Kobold Enchanter on Aug 20, 2022.
             Slain by a jackal (1 damage)
             ... on level 1 of the Dungeon.
             The game lasted 00:00:29 (216 turns).

Setbun the Sneak (Kobold Enchanter)                  Turns: 216, Time: 00:00:30

Health: 0/16       AC:  2    Str:  5    XL:     2   Next: 35%
Magic:  5/5        EV: 15    Int: 16    God:
Gold:   0          SH:  0    Dex: 15    Spells: 5/5 levels left

rFire   . . .      SeeInvis .    a - +1 dagger
rCold   . . .      Faith    .    (no shield)
rNeg    . . .      Spirit   .    b - +0 robe
rPois   .          Reflect  .    (no helmet)
rElec   .          Harm     .    (no cloak)
rCorr   .          Rampage  .    (no gloves)
Will    .....                    (no boots)
Stlth   ++++......               (no amulet)
HPRegen 0.05/turn                (no ring)
MPRegen 0.09/turn                (no ring)

@: no status effects
A: small, no large weapons, nightstalker 3
a: no special abilities


You were on level 1 of the Dungeon.
You visited 1 branch of the dungeon, and saw 1 of its levels.

Inventory:

Hand Weapons
 a - a +1 dagger (weapon)
Armour
 b - a +0 robe (worn)
Scrolls
 d - a scroll of poison {unknown}
Potions
 c - 2 potions of invisibility


   Skills:
 + Level 0.6 Fighting
 * Level 2.2 Short Blades
 + Level 2.6 Dodging
 + Level 4.2 Stealth
 - Level 2.1 Spellcasting
 - Level 3.0 Hexes


You had 5 spell levels left.
You didn't know any spells.
Your spell library contained the following spells:

 Spells                   Type           Power      Damage    Failure   Level
 Ensorcelled Hibernation  Hex/Ice        12%        N/A       17%         2
 Confusing Touch          Hex            11%        N/A       19%         3
 Tukima's Dance           Hex            11%        N/A       19%         3
 Dazzling Flash           Conj/Hex       12%        N/A       32%         3


Dungeon Overview and Level Annotations

Branches:
Dungeon (1/15)

Altars:


Innate Abilities, Weirdness & Mutations

You are small and have problems with some larger weapons.
You are completely attuned to the shadows.


Message History

You see here 3 stones.
The jackal misses you. The jackal misses you.
The jackal attacks as you move away! The jackal completely misses you.
The jackal bites you. The jackal attacks as you move away!
The jackal misses you. The jackal attacks as you move away!
The jackal closely misses you. x2
There are monsters nearby!
The jackal bites you. The jackal attacks as you move away!
The jackal closely misses you.
The ball python attacks as you move away!
The ball python bites you. The ball python barely misses you.
The jackal closely misses you. The jackal attacks as you move away!
The jackal bites you.
* * * LOW HITPOINT WARNING * * *
The ball python attacks as you move away!
The ball python barely misses you. The ball python misses you.
The jackal bites you but does no damage.
The jackal attacks as you move away! The jackal closely misses you. x2
The jackal attacks as you move away! The jackal bites you.
* * * LOW HITPOINT WARNING * * *
The jackal attacks as you move away! The jackal barely misses you. x2
The jackal attacks as you move away! The jackal closely misses you.
You hit the jackal.
The jackal is heavily wounded.
The jackal bites you but does no damage.
You hit the jackal.
You kill the jackal!
The ball python closely misses you. The ball python barely misses you.
You hit the ball python.
The ball python is moderately wounded.
The ball python misses you. The ball python barely misses you.
You hit the ball python.
You kill the ball python!
You miss the jackal. The jackal bites you.
* * * LOW HITPOINT WARNING * * *
You barely miss the jackal. The jackal misses you.
You hit the jackal but do no damage. The jackal misses you.
The jackal bites you.
You die...

############
######.....+≈P~.~
##......#####.≈~~.
#@.####.## #≈..~~
#h## #..# #~~...
#B# ##.####~.P~~
#.# #....#..≈~P
#.# ####.'≈P~P~
#.# ######## #.#
####.# ....B#


You could see a jackal and a giant cockroach.

Vanquished Creatures
  A dart slug (D:1)
  An endoplasm (D:1)
  A goblin (D:1)
  2 hobgoblins (D:1)
  A jackal (D:1)
  A ball python (D:1)
  A rat (D:1)
8 creatures vanquished.

Notes
Turn   | Place    | Note
-------+----------+-------------------------------------------
     0 | D:1      | Setbun the Kobold Enchanter began the quest for the Orb.
     0 | D:1      | Reached XP level 1. HP: 10/10 MP: 3/3
   124 | D:1      | Reached XP level 2. HP: 16/16 MP: 5/5
   216 | D:1      | Slain by a jackal

Illustrated notes

Levels and vault maps discovered:
D:1:      lightli_arrival_flooded_house, layout_rooms, serial_shops,
          shop_statue, minmay_lizard_king

Skill      XL: |  1 |
---------------+----+-----
Short Blades   | 2 |  2.2
Fighting       | |  0.6
Dodging        | |  2.6
Stealth        | |  4.2
Spellcasting   | |  2.1
Hexes          | |  3.0

Action                   || total
-------------------------++-------
Melee: Dagger            ||    18
 Stab: Sleeping          ||     5
Armor: Robe              ||     4
Dodge: Dodged            ||    39

Table legend: (Time is in decaauts)
 A = Elapsed time spent in this place.
 B = Non-inter-level travel time spent in this place.
 C = Inter-level travel time spent in this place.
 D = Time resting spent in this place.
 E = Time spent auto-exploring this place.
 F = Levels seen in this place.
 G = Mean time per level.
                   A        B        C        D        E       F      G
               +--------+--------+--------+--------+--------+-----+--------+
         Total |    214 |    214 |      0 |      0 |    137 |   1 |  214.0 |
       Dungeon |    214 |    214 |      0 |      0 |    137 |   1 |  214.0 |
               +--------+--------+--------+--------+--------+-----+--------+

Top non-repeatable levels by time:
     D:1: 214 daAuts
